 Dungeon Crawl Stone Soup version 0.14-a0-1719-ga7e7698 (webtiles) character file.

214 4tharraofdagon the Firebug (level 4, 0/36 HPs)
             Began as a Naga Fire Elementalist on Jan 2, 2014.
             Slain by a phantom (4 damage)
             ... on Level 4 of the Dungeon.
             The game lasted 00:04:14 (621 turns).

4tharraofdagon the Firebug (Naga Fire Elementalist)  Turns: 621, Time: 00:04:14

HP   0/36        AC  2     Str 11      XL: 4   Next: 95%
MP   2/8         EV 10     Int 16      God:
Gold 102         SH  0     Dex 11      Spells:  3 memorised,  0 levels left

rFire  . . .     SeeInvis +     o - +1,+0 elf short sword (vamp)
rCold  . . .     Clarity  .     a - +0 robe
rNeg   . . .     Conserve .     (no shield)
rPois  +         rCorr    .     (no helmet)
rElec  .         rRot     .     (no cloak)
SustAb . .       Spirit   .     (no gloves)
rMut   .         Warding  .     (no barding)
Saprov . . .     Stasis   .     (no amulet)
                                (no ring)
                                f - ring of wizardry

@: very slow, slightly resistant to hostile enchantments, fairly stealthy
A: spit poison, see invisible, deformed body, poison resistance, slowness 2, AC
+1
a: Spit Poison


You were on level 4 of the Dungeon.
You were hungry.

You visited 1 branch of the dungeon, and saw 5 of its levels.

You collected 102 gold pieces.

Inventory:

Hand weapons
 d - a +0,+0 trident
 o - a +1,+0 elven vampiric short sword (weapon)
Armour
 a - a +0 robe (worn)
Magical devices
 n - a wand of confusion (11)
Comestibles
 c - 2 bread rations
 h - a meat ration
 l - a pear
Scrolls
 g - a scroll of enchant armour {unknown}
Jewellery
 f - a ring of wizardry (left hand)
Potions
 i - a potion of poison {unknown}
 j - a potion of paralysis {unknown}
Books
 b - a book of Flames

   Spells                             Type                      Level
   *Flame Tongue                      Conjuration/Fire             1
   Throw Flame                        Conjuration/Fire             2
   *Conjure Flame                     Conjuration/Fire             3
   Inner Flame                        Hexes/Fire                   3
   *Sticky Flame                      Conjuration/Fire             4
   Fireball                           Conjuration/Fire             5


   Skills:
 - Level 1.5 Dodging
 - Level 3.0 Stealth
 + Level 2.8 Spellcasting
 * Level 2.7 Conjurations
 * Level 4.1 Fire Magic


You couldn't memorise any spells.
You knew the following spells:

 Your Spells              Type           Power        Failure   Level  Hunger
a - Flame Tongue          Conj/Fire      ##...        2%          1    #......
b - Conjure Flame         Conj/Fire      ##......     5%          3    ###....
c - Sticky Flame          Conj/Fire      ##......     22%         4    #####..


Dungeon Overview and Level Annotations

Branches:
Dungeon (5/16)
 Temple: D:4-7

Altars:
Elyvilon


Innate Abilities, Weirdness & Mutations

You cannot wear boots.
You can spit poison.
Your serpentine skin is tough (AC +1).
You have supernaturally acute eyesight.
Armour fits poorly on your strangely shaped body.
Your system is resistant to poisons.
You cover ground very slowly.


Message History

A centaur comes into view.
The centaur shouts!
Found a scroll labeled ILEBBU ZALE and 16 darts.
There is a stone staircase leading up here.
The centaur wields a bow.
The centaur shoots an arrow.
The arrow hits you!
You climb upwards.
The phantom hits you.
There is a stone staircase leading down here.
Unknown command.
Unknown command.
Read which item? (? for menu, Esc to quit)
Okay, then.
The phantom hits you.
The phantom blinks!
Unknown command.
A gnoll comes into view. It is wielding a club.
The phantom closely misses you.
A gnoll comes into view. It is wielding a spear.
The phantom hits you!
* * * LOW HITPOINT WARNING * * *
The phantom hits you.
You die...

....# ...gg ....#
... ....# . ...
....### .. ...
........ .... #.#
##........... #.#
......b..... #.#
..... ......###.#
#### .........@p#
...........#
#######...........#
.................>#
#..[..# ..........#
#.....++#########.#
#........# #.#
.........# #.#
#........# +.#


You could see a phantom.

Vanquished Creatures
  An ogre (D:4)
  An adder (D:2)
  An ooze (D:3)
  An orc (D:4)
  A goblin (D:2)
  3 hobgoblins
  4 bats
  2 giant newts
  2 jackals (D:2)
  3 kobolds
  3 rats
22 creatures vanquished.

Notes
Turn   | Place    | Note
--------------------------------------------------------------
     0 | D:1      | 4tharraofdagon, the Naga Fire Elementalist, began the quest for the Orb.
     0 | D:1      | Reached XP level 1. HP: 15/15 MP: 3/3
   164 | D:3      | Reached XP level 2. HP: 16/22 MP: 4/4
   274 | D:2      | Found a white marble altar of Elyvilon.
   290 | D:2      | Reached XP level 3. HP: 25/28 MP: 6/6
   295 | D:2      | Learned a level 3 spell: Conjure Flame
   484 | D:4      | Noticed an ogre
   491 | D:4      | Killed an ogre
   491 | D:4      | Reached skill level 4 in Fire Magic
   491 | D:4      | Reached XP level 4. HP: 33/36 MP: 0/8
   497 | D:4      | Learned a level 4 spell: Sticky Flame
   583 | D:4      | Noticed a phantom
   611 | D:4      | Noticed a phantom
   614 | D:5      | Entered Level 5 of the Dungeon
   614 | D:5      | Noticed a centaur
   621 | D:4      | Slain by a phantom

Action                   |  1- 3 |  4- 6 || total
-------------------------+-------+-------++-------
Melee: Unarmed           |     6 |       ||     6
       Trident           |    16 |       ||    16
 Cast: Flame Tongue      |    15 |     9 ||    24
       Conjure Flame     |     1 |     1 ||     2
 Abil: Spit Poison       |    14 |     3 ||    17
Evoke: Wand              |       |     1 ||     1
  Use: Potion            |     1 |       ||     1
       Scroll            |     1 |     3 ||     4
 Stab: Sleeping          |     2 |       ||     2
